 Dungeon Crawl Stone Soup version 0.32-a0-818-gb728d0252e (webtiles) character file.

Game seed: 2953229487046454016

4 Xavori the Trooper (level 1, -1/20 HPs)
             Began as a Djinni Chaos Knight on Mar 23, 2024.
             Was a Plaything of Xom.
             Constricted to death by a ball python (2 damage)
             ... on level 1 of the Dungeon on Mar 24, 2024.
             The game lasted 00:00:41 (90 turns).

Xavori the Trooper (Djinni Chaos Knight)              Turns: 90, Time: 00:00:41

Health: -1/20      AC:  5    Str: 11    XL:     1   Next: 77%
Gold:   12         EV:  0    Int: 13    God:    Xom [..*...] SH:  0 Dex: 12

rFire   + + .        a - +0 falchion (chaos)
rCold   x . .        (no shield)
rNeg    . . .        b - +2 leather armour
rPois   ∞            (no helmet)
rElec   .            (no cloak)
rCorr   .            (no gloves)
SInv    .            (boots unavailable)
Will    .....        (no amulet)
Stlth   +            (no ring)
HPRegen 0.23/turn    (no ring)
MPRegen 0.00/turn

%: infuse magic (-2 HP)
@: flying, constricted
A: sickness immunity, fire resistance 2, cold vulnerability 1, float, innate
caster, HP casting, extra vitality 1
a: Renounce Religion


You were on level 1 of the Dungeon.
You worshipped Xom.
You were a toy of Xom.
You visited 1 branch of the dungeon, and saw 1 of its levels.

You collected 12 gold pieces.

Inventory:

Hand Weapons
 a - a +0 falchion of chaos (weapon)
Armour
 b - a +2 leather armour (worn)
Scrolls
 c - a scroll of butterflies
 g - a scroll of teleportation {unknown}
Potions
 d - a potion of haste {unknown}
 e - a potion of curing {unknown}
 f - a potion of might {unknown}


   Skills:
 + Level 3.0 Fighting
 + Level 2.7 Long Blades
 + Level 1.1 Armour
 + Level 2.2 Dodging
 * Level 0.2 Spellcasting
 * Level 0.2 Conjurations
 * Level 0.2 Hexes
 * Level 0.2 Summonings
 * Level 0.2 Necromancy
 * Level 0.2 Translocations
 * Level 0.2 Fire Magic
 * Level 0.2 Ice Magic
 * Level 0.2 Air Magic
 * Level 0.2 Earth Magic
 * Level 0.2 Alchemy You didn't know any spells. Your spell library was empty.

Dungeon Overview and Level Annotations

Branches:
Dungeon (1/15)

Altars:

Annotations:
D:1 1 transporter


Innate Abilities, Weirdness & Mutations

You are immune to sickness and miasma.
You are immune to poison.
Your flesh is very heat resistant. (rF++)
You are vulnerable to cold. (rC-)
You float through the air rather than walking.
You learn spells naturally, not from books.
Your magical power is your life essence.
You have superior vitality. (+4 MHP)


Message History

You see here a +0 club.
g - a scroll labelled INESONGAUB No target in view!
You reach down and open the door.
A rat comes into view.
A rat is nearby!
A rat is nearby!
An endoplasm and 2 ball pythons come into view.
The endoplasm quivers.
The ball python hisses angrily. x2
There is an open door here.
The rat bites you but does no damage.
There are monsters nearby!
You closely miss the rat. The rat bites you but does no damage.
There are monsters nearby!
You hit the endoplasm.
The endoplasm is severely wounded.
The rat bites you but does no damage. The endoplasm misses you.
The ball python bites you but does no damage.
The ball python grabs you. The ball python constricts you.
You barely miss the ball python. The rat bites you.
The endoplasm hits you but does no damage.
The ball python barely misses you. The ball python constricts you.
The ball python bites you.
There are monsters nearby!
You hit the ball python.
The ball python seems to grow stronger.
Xom is mildly amused.
The ball python is severely wounded.
The ball python bites you. The ball python constricts you. The rat bites you.
The endoplasm freezes you.
You are frozen!
You feel a terrible chill!
Xom is amused.
* * * LOW HITPOINT WARNING * * *
A shower of butterflies erupts from you!
The ball python bites you but does no damage.
The ball python bites you.
* * * LOW HITPOINT WARNING * * *
The ball python constricts you.
You die...
Xom bursts into laughter!

...+ # ....#
.##. ....#
...#+####....#
###...........#
#....bb.bb....#
#......Srb....#
#.....J@S.#
#...###'##### #
#.....# ...
###...######...
####...#........
#..............#
#..............#
#..............#
#......)†......#


You could see an endoplasm (ally target), 2 ball pythons and a rat.

Vanquished Creatures
  A giant cockroach (D:1)
  A hobgoblin (D:1)
  A ball python (D:1)
  2 kobolds (D:1)
5 creatures vanquished.

Notes
Turn   | Place    | Note
-------+----------+-------------------------------------------
     0 | D:1      | Xavori the Djinni Chaos Knight began the quest for the Orb.
     0 | D:1      | Reached XP level 1. HP: 20/20 MP: 0/0
     0 | D:1      | Upgraded the game from 0.32-a0-814-g0968bab981 to
                  | 0.32-a0-818-gb728d0252e
    90 | D:1      | XOM: butterfly on damage
    90 | D:1      | HP: 1/20 [ball python (4)]
    90 | D:1      | Constricted to death by a ball python

Illustrated notes

Levels and vault maps discovered:
D:1:      spicycebolla_arrival_risky_transporter, layout_basic,
          shapermc_ecumenical_altar_flowoftime, nicolae_eternal_life,
          chequers_big_river, chequers_mini_garden

Action                     || total
---------------------------++-------
  Melee: Falchion          ||    17
 Armour: Leather armour    ||    36
  Dodge: Dodged            ||    32

Table legend: (Time is in decaauts)
 A = Elapsed time spent in this place.
 B = Non-inter-level travel time spent in this place.
 C = Inter-level travel time spent in this place.
 D = Time resting spent in this place.
 E = Time spent auto-exploring this place.
 F = Levels seen in this place.
 G = Mean time per level.
                   A        B        C        D        E       F      G
               +--------+--------+--------+--------+--------+-----+--------+
         Total |     92 |     92 |      0 |      0 |     59 |   1 |   92.0 |
       Dungeon |     92 |     92 |      0 |      0 |     59 |   1 |   92.0 |
               +--------+--------+--------+--------+--------+-----+--------+

Top non-repeatable levels by time:
     D:1: 92 daAuts
